Blue Jackets vs Blackhawks

Created - 2 février 2024 at 09:44

Goals
1 2 3 T
Blue Jackets 0 1 2 3
Blackhawks 1 2 2 5
Shots
1 2 3 T
Blue Jackets 2 13 21 36
Blackhawks 14 11 8 33

GoalsPenalties
1st period
1. Blackhawks , Valeri Nichushkin 13 (Jack Eichel 34, Ivan Barbashev 23) at 15:29
Erik Cernak (CHI) for Hooking (Minor) at 2:40
David Savard (CLB) for Interference (Minor) at 13:02
2nd period
2. Blackhawks , Nicolas Roy 24 (Tanner Jeannot 13) at 0:54
3. Blackhawks , Klim Kostin 7 (Cole Sillinger 12, Miles Wood 8) at 14:44
4. Blue Jackets , Alexander Kerfoot 17 (Jonathan Marchessault 23, J.T. Miller 41) at 15:24
Alex Tuch (CHI) for Fighting (Major) at 4:09
Jonathan Marchessault (CLB) for Fighting (Major) at 4:09
Carson Soucy (CHI) for Fighting (Major) at 7:30
Mattias Ekholm (CLB) for Fighting (Major) at 7:30
Jamie Oleksiak (CLB) for Hooking (Minor) at 7:59
3rd period
5. Blackhawks , Nicolas Roy 25 (Nicolas Deslauriers 6) at 0:56
6. Blue Jackets , Trevor Moore 8 (Matthew Boldy 21, Frederick Gaudreau 19) at 7:24
7. Blue Jackets , Jonathan Marchessault 18 (Sam Lafferty 7) at 17:28
8. Blackhawks , Ivan Barbashev 20 (Valeri Nichushkin 16, Jack Eichel 35) at 19:53 (Empty Net)
Aaron Ekblad (CLB) for Tripping (Minor) at 4:45
J.T. Miller (CLB) for Interference (Minor) at 9:05
Carson Soucy (CHI) for Holding (Minor) at 11:50
Jason Dickinson (CLB) for Roughing (Minor) at 15:27
Goalie Stats
Thatcher Demko (CLB), 28 saves from 32 shots - (0,875), L, 31-19-6, 59:10 minutes
Jacob Markstrom (CHI), 33 saves from 36 shots - (0,917), W, 31-20-3, 60:00 minutes
3 StarsOfficial
1 - Nicolas Roy (CHI)
2 - Valeri Nichushkin (CHI)
3 - Ivan Barbashev (CHI)
Referees : Steve Kozari and Chelsea Rapin
Linesman : Kendall Hanley and Daniel Negreanu
Game Note
Alex Tuch beats up Jonathan Marchessault at 4:09 of 2nd period
Carson Soucy beats up Mattias Ekholm at 7:30 of 2nd period
Ivan Barbashev has scored in a empty net!
Finance
Level 1 -- Attendance: 5979 (100%) -- Ticket Income $538,110
Level 2 -- Attendance: 4514 (90%) -- Ticket Income $225,700
Level 3 -- Attendance: 3876 (86%) -- Ticket Income $77,520
Level 4 -- Attendance: 4000 (100%) -- Ticket Income $60,000
Luxury Box -- Attendance: 1000 (100%) -- Ticket Income $180,000
Game was played at the United Center.
Total Attendance: 19369 (94%)
Total Ticket Income: $1,081,330
Other Income: $324,399
Total Income: $1,405,729



Team Name Goals Shots Shots Attemp Shots Blocked PIM HIT PP PK FO%
Blue Jackets 336671020190 / 2 (0%)067%
Blackhawks 533571214220 / 5 (0%)033%

Blue Jackets
Player Name POS G A P +/- PIM HIT SHT SB MP PP MP PP SHT PK MP PK SHT FO% FOT GA TA
Aaron EkbladD0001230221:502:4104:0200% 000
Alexander KerfootLW/RW1011022019:451:4603:590100% 101
David SavardD0000210220:191:4302:5400% 000
Erik GudbransonD000-1010119:311:3703:0000% 000
Frederick GaudreauC/LW011-1012020:111:4605:10072% 2510
J.T. MillerC/LW/RW0111224017:272:1201:15070% 2010
Jamie OleksiakD000-2211226:280:4404:2400% 010
Jason DickinsonC/LW000-2202114:590:0004:00067% 300
Jonathan MarchessaultLW/RW1122505015:591:4601:2010% 120
Kailer YamamotoRW000-1002010:100:0000:000100% 100
Matthew BoldyLW/RW0110013114:332:1200:0000% 210
Mattias EkholmD000-2525120:571:1104:2400% 002
Philipp KurashevC/LW/RW000-2000010:040:0000:0000% 100
Sam LaffertyC/LW/RW0110001010:210:0001:100100% 202
Seth JarvisRW000-2024010:592:1200:0000% 000
Simon BenoitD000-1021011:050:0001:0600% 000
Trevor MooreLW/RW1010012016:490:0003:1100% 000
Ty DellandreaC/RW000-100208:460:0000:00050% 400
Blackhawks
Player Name POS G A P +/- PIM HIT SHT SB MP PP MP PP SHT PK MP PK SHT FO% FOT GA TA
Alex TuchLW/RW000-3520019:554:3201:5900% 200
Alexandre CarrierD0001001214:110:3801:3000% 000
Brett PesceD0000012328:336:5902:2800% 000
Carson SoucyD0002701018:342:1800:4900% 001
Cole SillingerC011102208:160:0000:0000% 300
Erik CernakD0001230219:303:1600:5300% 001
Ivan BarbashevC/LW1122011120:004:5501:4200% 101
Jack EichelC0222034120:314:5300:52020% 1000
John MarinoD000-1021027:036:3902:1600% 000
Johnathan KovacevicD0001000112:080:0000:0000% 000
Klim KostinLW/RW101100308:160:0000:0000% 000
Miles WoodLW011102208:160:0000:0000% 010
Nathan MacKinnonC000-3012022:035:0102:16039% 3311
Nicolas DeslauriersLW/RW0112001110:180:2100:150100% 100
Nicolas RoyC/RW202200209:510:0900:00050% 400
Nikita KucherovRW000-3014019:455:0100:00040% 521
Tanner JeannotLW/RW011202219:350:0000:0000% 000
Valeri NichushkinLW/RW1122025019:134:5310:5200% 111

Blue Jackets

5 vs 5 Forward
Line #Left WingCenterRight WingPHYDFOFWanted %Time %Time Play
1Jonathan MarchessaultJ.T. MillerAlexander Kerfoot1223732%14:56
2Matthew BoldyFrederick GaudreauTrevor Moore1223327%12:21
3Philipp KurashevJason DickinsonSeth Jarvis1222022%10:04
4Sam LaffertyTy DellandreaKailer Yamamoto1311019%8:46
5 vs 5 Defense
Line #DefenseDefensePHYDFOFWanted %Time %Time Play
1Jamie OleksiakMattias Ekholm1314043%19:54
2Aaron EkbladDavid Savard1223031%14:04
3Erik GudbransonSimon Benoit1402019%8:54
4Erik GudbransonJamie Oleksiak131107%3:15
Power Play Forward
Line #Left WingCenterRight WingPHYDFOFWanted %Time %Time Play
1Matthew BoldyJ.T. MillerSeth Jarvis0146055%2:12
2Jonathan MarchessaultFrederick GaudreauAlexander Kerfoot0234045%1:46
Power Play Defense
Line #DefenseDefensePHYDFOFWanted %Time %Time Play
1Aaron EkbladJamie Oleksiak1226057%2:15
2Mattias EkholmDavid Savard1224043%1:43
Penalty Kill 4 Players Forward
Line #CenterWingPHYDFOFWanted %Time %Time Play
1Frederick GaudreauJason Dickinson1406081%8:02
2J.T. MillerAlexander Kerfoot1404019%1:53
Penalty Kill 4 Players Defense
Line #DefenseDefensePHYDFOFWanted %Time %Time Play
1Mattias EkholmJamie Oleksiak1406064%6:23
2David SavardAaron Ekblad1404036%3:32
Penalty Kill 3 Players
Line #WingPHYDFOFWanted %Time %Time PlayDefenseDefensePHYDFOFWanted %Time %Time Play
1J.T. Miller140600%0:00 Mattias EkholmJamie Oleksiak140600%0:00
2Frederick Gaudreau140400%0:00 David SavardErik Gudbranson140400%0:00
4 vs 4 Forward
Line #CenterWingPHYDFOFWanted %Time %Time Play
1J.T. MillerJonathan Marchessault122600%0:00
2Frederick GaudreauMatthew Boldy122400%0:00
4 vs 4 Defense
Line #DefensePHYDFOFWanted %Time %Time Play
1Aaron EkbladMattias Ekholm122600%0:00
2Jamie OleksiakDavid Savard122400%0:00
Last Minutes Offensive
Left WingCenterRight WingDefenseDefense
Jonathan MarchessaultJ.T. MillerMatthew BoldyAaron EkbladMattias Ekholm
Last Minutes Defensive
Left WingCenterRight WingDefenseDefense
Jason DickinsonJ.T. MillerAlexander KerfootMattias EkholmJamie Oleksiak
Time
Total ForwardTotal DefenseLast Minutes OffensiveLast Minutes Defensive
60:00 60:00 0:000:00
Extra Forwards
Normal PowerPlayPenalty Kill
Kailer Yamamoto, Seth Jarvis, Trevor MooreKailer Yamamoto, Seth JarvisTrevor Moore
Extra Defensemen
Normal PowerPlayPenalty Kill
Erik Gudbranson, Aaron Ekblad, Mattias EkholmErik Gudbranson, Erik GudbransonMattias Ekholm
Penalty Shots
J.T. Miller, Jonathan Marchessault, Matthew Boldy, Seth Jarvis, Aaron Ekblad
Goalie
Thatcher Demko, James Reimer
Scratches
Evan Bouchard (Healthy), Andreas Athanasiou (Healthy)

Blackhawks

5 vs 5 Forward
Line #Left WingCenterRight WingPHYDFOFWanted %Time %Time Play
1Alex TuchNathan MacKinnonNikita Kucherov0234132%14:47
2Ivan BarbashevJack EichelValeri Nichushkin0233529%13:29
3Tanner JeannotNicolas RoyNicolas Deslauriers1221921%9:35
4Miles WoodCole SillingerKlim Kostin122518%8:16
5 vs 5 Defense
Line #DefenseDefensePHYDFOFWanted %Time %Time Play
1Brett PesceJohn Marino0324036%16:41
2Carson SoucyErik Cernak0323438%17:20
3Alexandre CarrierJohnathan Kovacevic0322024%11:10
4Brett PesceJohn Marino03262%0:56
Power Play Forward
Line #Left WingCenterRight WingPHYDFOFWanted %Time %Time Play
1Alex TuchNathan MacKinnonNikita Kucherov0056054%5:22
2Ivan BarbashevJack EichelValeri Nichushkin0054046%4:33
Power Play Defense
Line #DefenseDefensePHYDFOFWanted %Time %Time Play
1Brett PesceJohn Marino0146067%6:39
2Carson SoucyErik Cernak0144033%3:16
Penalty Kill 4 Players Forward
Line #CenterWingPHYDFOFWanted %Time %Time Play
1Nathan MacKinnonAlex Tuch1406078%3:06
2Ivan BarbashevValeri Nichushkin1404022%0:52
Penalty Kill 4 Players Defense
Line #DefenseDefensePHYDFOFWanted %Time %Time Play
1Brett PesceJohn Marino1406057%2:16
2Carson SoucyErik Cernak1404043%1:42
Penalty Kill 3 Players
Line #WingPHYDFOFWanted %Time %Time PlayDefenseDefensePHYDFOFWanted %Time %Time Play
1Nathan MacKinnon050600%0:00 Brett PesceJohn Marino050600%0:00
2Ivan Barbashev050400%0:00 Carson SoucyErik Cernak050400%0:00
4 vs 4 Forward
Line #CenterWingPHYDFOFWanted %Time %Time Play
1Nathan MacKinnonAlex Tuch014600%0:00
2Ivan BarbashevValeri Nichushkin014400%0:00
4 vs 4 Defense
Line #DefensePHYDFOFWanted %Time %Time Play
1Brett PesceJohn Marino032600%0:00
2Carson SoucyErik Cernak032400%0:00
Last Minutes Offensive
Left WingCenterRight WingDefenseDefense
Alex TuchNathan MacKinnonNikita KucherovBrett PesceJohn Marino
Last Minutes Defensive
Left WingCenterRight WingDefenseDefense
Alex TuchNathan MacKinnonNikita KucherovBrett PesceJohn Marino
Time
Total ForwardTotal DefenseLast Minutes OffensiveLast Minutes Defensive
60:00 60:00 0:000:00
Extra Forwards
Normal PowerPlayPenalty Kill
Jack Eichel, Valeri Nichushkin, Nicolas RoyJack Eichel, Valeri NichushkinJack Eichel
Extra Defensemen
Normal PowerPlayPenalty Kill
Erik Cernak, Alexandre Carrier, Johnathan KovacevicErik Cernak, Erik CernakAlexandre Carrier
Penalty Shots
Nathan MacKinnon, Nikita Kucherov, Alex Tuch, Ivan Barbashev, Jack Eichel
Goalie
Jacob Markstrom, Jake Allen
Scratches
Noah Hanifin (Sore Right Knee Injury)


Play-by-Play

1st period


0:01 of 1st period - J.T. Miller wins face-off versus Nikita Kucherov in neutral zone.
0:10 of 1st period - Slapshot by Nikita Kucherov.
0:10 of 1st period - Stopped by Thatcher Demko with a rebound.
0:12 of 1st period - Slapshot by Brett Pesce.
0:12 of 1st period - Shot Misses the Net.
0:26 of 1st period - Frederick Gaudreau is hit by Valeri Nichushkin and loses puck.
0:33 of 1st period - Backhand shot by Valeri Nichushkin.
0:33 of 1st period - Stopped by Thatcher Demko with a rebound.
0:35 of 1st period - Snap shot by Valeri Nichushkin.
0:35 of 1st period - Stopped by Thatcher Demko with a rebound.
0:37 of 1st period - Snap shot by Jack Eichel.
0:37 of 1st period - Stopped by Thatcher Demko with a rebound.
0:53 of 1st period - Slapshot by Nicolas Roy.
0:53 of 1st period - Shot Misses the Net.
0:55 of 1st period - Snap shot by Johnathan Kovacevic.
0:55 of 1st period - Shot Blocked by Mattias Ekholm.
0:57 of 1st period - Wrist shot by Alexandre Carrier.
0:57 of 1st period - Stopped by Thatcher Demko with a rebound.
1:15 of 1st period - Snap shot by Kailer Yamamoto.
1:15 of 1st period - Shot Blocked by Johnathan Kovacevic.
2:19 of 1st period - Slapshot by Jason Dickinson.
2:19 of 1st period - Stopped by Jacob Markstrom without a rebound.
2:20 of 1st period - Nathan MacKinnon wins face-off versus J.T. Miller in Blackhawks zone.
2:40 of 1st period - Minor Penalty to Erik Cernak for Hooking.
2:41 of 1st period - Nathan MacKinnon wins face-off versus J.T. Miller in Blackhawks zone.
2:49 of 1st period - Wrist shot by Nathan MacKinnon.
2:49 of 1st period - Shot Misses the Net.
3:20 of 1st period - Ivan Barbashev is hit by Alexander Kerfoot and loses puck.
4:29 of 1st period - John Marino is hit by Matthew Boldy and loses puck.
4:40 of 1st period - Penalty to Erik Cernak is over, Erik Cernak is back on ice.
5:39 of 1st period - Wrist shot by Trevor Moore.
5:39 of 1st period - Shot Blocked by Jack Eichel.
5:55 of 1st period - Wrist shot by Jack Eichel.
5:55 of 1st period - Stopped by Thatcher Demko with a rebound.
6:14 of 1st period - Icing by Johnathan Kovacevic.
6:15 of 1st period - J.T. Miller wins face-off versus Jack Eichel in Blackhawks zone.
6:48 of 1st period - Snap shot by Nathan MacKinnon.
6:48 of 1st period - Shot Blocked by David Savard.
7:02 of 1st period - Simon Benoit is hit by Tanner Jeannot.
9:13 of 1st period - Sam Lafferty is hit by Nathan MacKinnon and loses puck.
9:23 of 1st period - Off-side.
9:24 of 1st period - Frederick Gaudreau wins face-off versus Jack Eichel in neutral zone.
9:28 of 1st period - Off-side.
9:29 of 1st period - Frederick Gaudreau wins face-off versus Nathan MacKinnon in neutral zone.
12:09 of 1st period - Nicolas Roy is hit by Jamie Oleksiak and loses puck.
12:20 of 1st period - Wrist shot by Jason Dickinson.
12:20 of 1st period - Shot Blocked by Nicolas Deslauriers.
12:22 of 1st period - Snap shot by Seth Jarvis.
12:22 of 1st period - Deflect By Alexandre Carrier.
12:22 of 1st period - Stopped by Jacob Markstrom with a rebound.
12:32 of 1st period - Kailer Yamamoto is hit by Cole Sillinger and loses puck.
13:02 of 1st period - Minor Penalty to David Savard for Interference.
13:03 of 1st period - Nathan MacKinnon wins face-off versus Frederick Gaudreau in Blue Jackets zone.
13:35 of 1st period - Snap shot by Jack Eichel.
13:35 of 1st period - Shot Blocked by Aaron Ekblad.
13:37 of 1st period - Wrist shot by Ivan Barbashev.
13:37 of 1st period - Shot Blocked by Jason Dickinson.
14:23 of 1st period - Jamie Oleksiak is hit by Alex Tuch and loses puck.
14:44 of 1st period - Brett Pesce is hit by Trevor Moore and loses puck.
15:02 of 1st period - Penalty to David Savard is over, David Savard is back on ice.
15:02 of 1st period - Mattias Ekholm is hit by Ivan Barbashev and loses puck.
15:11 of 1st period - Wrist shot by Jason Dickinson.
15:11 of 1st period - Shot Blocked by Ivan Barbashev.
15:25 of 1st period - Wrist shot by Valeri Nichushkin.
15:25 of 1st period - Shot Blocked by Jamie Oleksiak.
15:29 of 1st period - Snap shot by Valeri Nichushkin.
15:29 of 1st period - Goal by Valeri Nichushkin - Blue Jackets : 0 - Blackhawks : 1.
15:30 of 1st period - J.T. Miller wins face-off versus Nathan MacKinnon in neutral zone.
16:10 of 1st period - Wrist shot by Nicolas Deslauriers.
16:10 of 1st period - Stopped by Thatcher Demko without a rebound.
16:11 of 1st period - Frederick Gaudreau wins face-off versus Nathan MacKinnon in Blue Jackets zone.
16:25 of 1st period - Slapshot by Nathan MacKinnon.
16:25 of 1st period - Stopped by Thatcher Demko with a rebound.
16:27 of 1st period - Snap shot by Erik Cernak.
16:27 of 1st period - Shot Misses the Net.
16:49 of 1st period - Snap shot by Ivan Barbashev.
16:49 of 1st period - Shot Misses the Net.
17:05 of 1st period - Snap shot by Nicolas Roy.
17:05 of 1st period - Shot Misses the Net.
17:23 of 1st period - Snap shot by Nathan MacKinnon.
17:23 of 1st period - Stopped by Thatcher Demko with a rebound.
17:43 of 1st period - Nathan MacKinnon is hit by David Savard.
17:49 of 1st period - Snap shot by Kailer Yamamoto.
17:49 of 1st period - Shot Misses the Net.
17:55 of 1st period - Wrist shot by John Marino.
17:55 of 1st period - Deflect By Nikita Kucherov.
17:55 of 1st period - Stopped by Thatcher Demko with a rebound.
18:20 of 1st period - Icing by David Savard.
18:21 of 1st period - Jack Eichel wins face-off versus Ty Dellandrea in Blue Jackets zone.
18:30 of 1st period - Slapshot by Jack Eichel.
18:30 of 1st period - Stopped by Thatcher Demko with a rebound.
18:32 of 1st period - Wrist shot by Valeri Nichushkin.
18:32 of 1st period - Stopped by Thatcher Demko with a rebound.
18:48 of 1st period - David Savard is hit by Cole Sillinger and loses puck.
18:53 of 1st period - Wrist shot by Miles Wood.
18:53 of 1st period - Stopped by Thatcher Demko with a rebound.
19:23 of 1st period - Wrist shot by Kailer Yamamoto.
19:23 of 1st period - Shot Misses the Net.
19:45 of 1st period - Matthew Boldy is hit by John Marino and loses puck.
Goals for this period are 0 for Blue Jackets vs 1 for Blackhawks.
Shots for this period are 2 for Blue Jackets vs 14 for Blackhawks.

2nd period


0:01 of 2nd period - Nathan MacKinnon wins face-off versus Matthew Boldy in neutral zone.
0:47 of 2nd period - Mattias Ekholm is hit by Erik Cernak and loses puck.
0:52 of 2nd period - Snap shot by Tanner Jeannot.
0:52 of 2nd period - Shot Blocked by Jamie Oleksiak.
0:54 of 2nd period - Snap shot by Nicolas Roy.
0:54 of 2nd period - Goal by Nicolas Roy - Blue Jackets : 0 - Blackhawks : 2.
0:55 of 2nd period - Frederick Gaudreau wins face-off versus Nathan MacKinnon in neutral zone.
2:23 of 2nd period - Slapshot by Brett Pesce.
2:23 of 2nd period - Stopped by Thatcher Demko without a rebound.
2:24 of 2nd period - Nathan MacKinnon wins face-off versus Ty Dellandrea in Blue Jackets zone.
2:25 of 2nd period - Snap shot by Nikita Kucherov.
2:25 of 2nd period - Shot Misses the Net.
2:50 of 2nd period - Carson Soucy is hit by Mattias Ekholm.
2:53 of 2nd period - Off-side.
2:54 of 2nd period - J.T. Miller wins face-off versus Jack Eichel in neutral zone.
3:25 of 2nd period - Snap shot by Jack Eichel.
3:25 of 2nd period - Stopped by Thatcher Demko without a rebound.
3:26 of 2nd period - Nikita Kucherov wins face-off versus Matthew Boldy in Blue Jackets zone.
4:04 of 2nd period - Snap shot by Tanner Jeannot.
4:04 of 2nd period - Stopped by Thatcher Demko without a rebound.
4:05 of 2nd period - J.T. Miller wins face-off versus Alex Tuch in Blue Jackets zone.
4:09 of 2nd period - Alex Tuch beats up Jonathan Marchessault.
4:09 of 2nd period - Penalty to Alex Tuch for Fighting.
4:09 of 2nd period - Penalty to Jonathan Marchessault for Fighting.
4:10 of 2nd period - Nathan MacKinnon wins face-off versus Frederick Gaudreau in neutral zone.
4:58 of 2nd period - Snap shot by Cole Sillinger.
4:58 of 2nd period - Stopped by Thatcher Demko without a rebound.
4:59 of 2nd period - Jason Dickinson wins face-off versus Cole Sillinger in Blue Jackets zone.
5:10 of 2nd period - Snap shot by Philipp Kurashev.
5:10 of 2nd period - Shot Hit the Post.
5:38 of 2nd period - Snap shot by Cole Sillinger.
5:38 of 2nd period - Shot Misses the Net.
5:48 of 2nd period - John Marino is hit by Seth Jarvis and loses puck.
5:55 of 2nd period - Philipp Kurashev is hit by Miles Wood.
6:03 of 2nd period - Snap shot by Seth Jarvis.
6:03 of 2nd period - Stopped by Jacob Markstrom without a rebound.
6:04 of 2nd period - Kailer Yamamoto wins face-off versus Nathan MacKinnon in Blackhawks zone.
7:15 of 2nd period - Off-side.
7:16 of 2nd period - J.T. Miller wins face-off versus Jack Eichel in neutral zone.
7:25 of 2nd period - Wrist shot by J.T. Miller.
7:25 of 2nd period - Deflect By Alexander Kerfoot.
7:25 of 2nd period - Shot Misses the Net.
7:25 of 2nd period - Puck is out of play.
7:26 of 2nd period - Frederick Gaudreau wins face-off versus Nathan MacKinnon in Blackhawks zone.
7:30 of 2nd period - Carson Soucy beats up Mattias Ekholm.
7:30 of 2nd period - Penalty to Carson Soucy for Fighting.
7:30 of 2nd period - Penalty to Mattias Ekholm for Fighting.
7:31 of 2nd period - Frederick Gaudreau wins face-off versus Nathan MacKinnon in Blackhawks zone.
7:32 of 2nd period - Slapshot by Matthew Boldy.
7:32 of 2nd period - Stopped by Jacob Markstrom without a rebound.
7:33 of 2nd period - Frederick Gaudreau wins face-off versus Nathan MacKinnon in Blackhawks zone.
7:46 of 2nd period - Slapshot by Matthew Boldy.
7:46 of 2nd period - Shot Misses the Net.
7:48 of 2nd period - Slapshot by Matthew Boldy.
7:48 of 2nd period - Deflect By Trevor Moore.
7:48 of 2nd period - Shot Misses the Net.
7:48 of 2nd period - Puck is out of play.
7:49 of 2nd period - J.T. Miller wins face-off versus Jack Eichel in Blackhawks zone.
7:59 of 2nd period - Minor Penalty to Jamie Oleksiak for Hooking.
8:00 of 2nd period - Frederick Gaudreau wins face-off versus Nathan MacKinnon in Blue Jackets zone.
9:09 of 2nd period - Penalty to Jonathan Marchessault is over, Jonathan Marchessault is back on ice.
9:59 of 2nd period - Penalty to Jamie Oleksiak is over, Jamie Oleksiak is back on ice.
10:41 of 2nd period - Snap shot by Kailer Yamamoto.
10:41 of 2nd period - Stopped by Jacob Markstrom with a rebound.
11:03 of 2nd period - Matthew Boldy is hit by Tanner Jeannot and loses puck.
12:21 of 2nd period - Frederick Gaudreau is hit by Valeri Nichushkin and loses puck.
12:57 of 2nd period - Nathan MacKinnon is hit by J.T. Miller and loses puck.
13:10 of 2nd period - Carson Soucy is hit by Aaron Ekblad and loses puck.
13:23 of 2nd period - Brett Pesce is hit by Seth Jarvis and loses puck.
13:51 of 2nd period - Brett Pesce is hit by Frederick Gaudreau and loses puck.
14:24 of 2nd period - Slapshot by Brett Pesce.
14:24 of 2nd period - Deflect By Ty Dellandrea.
14:24 of 2nd period - Stopped by Thatcher Demko with a rebound.
14:26 of 2nd period - Snap shot by Cole Sillinger.
14:26 of 2nd period - Shot Misses the Net.
14:28 of 2nd period - Slapshot by Carson Soucy.
14:28 of 2nd period - Shot Blocked by Erik Gudbranson.
14:30 of 2nd period - Slapshot by Carson Soucy.
14:30 of 2nd period - Stopped by Thatcher Demko with a rebound.
14:32 of 2nd period - Snap shot by Klim Kostin.
14:32 of 2nd period - Stopped by Thatcher Demko with a rebound.
14:34 of 2nd period - Slapshot by Brett Pesce.
14:34 of 2nd period - Shot Misses the Net.
14:44 of 2nd period - Snap shot by Klim Kostin.
14:44 of 2nd period - Goal by Klim Kostin - Blue Jackets : 0 - Blackhawks : 3.
14:45 of 2nd period - J.T. Miller wins face-off versus Nikita Kucherov in neutral zone.
14:54 of 2nd period - Wrist shot by J.T. Miller.
14:54 of 2nd period - Stopped by Jacob Markstrom without a rebound.
14:55 of 2nd period - Nathan MacKinnon wins face-off versus Jonathan Marchessault in Blackhawks zone.
15:02 of 2nd period - Snap shot by Nathan MacKinnon.
15:02 of 2nd period - Shot Misses the Net.
15:24 of 2nd period - Snap shot by Alexander Kerfoot.
15:24 of 2nd period - Goal by Alexander Kerfoot - Blue Jackets : 1 - Blackhawks : 3.
15:25 of 2nd period - Frederick Gaudreau wins face-off versus Nathan MacKinnon in neutral zone.
15:42 of 2nd period - Aaron Ekblad is hit by Nikita Kucherov and loses puck.
16:00 of 2nd period - Brett Pesce is hit by Aaron Ekblad and loses puck.
16:14 of 2nd period - Icing by John Marino.
16:15 of 2nd period - Jason Dickinson wins face-off versus Jack Eichel in Blackhawks zone.
16:16 of 2nd period - Wrist shot by Seth Jarvis.
16:16 of 2nd period - Stopped by Jacob Markstrom with a rebound.
16:24 of 2nd period - Wrist shot by Trevor Moore.
16:24 of 2nd period - Shot Misses the Net.
16:26 of 2nd period - Slapshot by Erik Gudbranson.
16:26 of 2nd period - Shot Blocked by Brett Pesce.
16:28 of 2nd period - Snap shot by Simon Benoit.
16:28 of 2nd period - Stopped by Jacob Markstrom without a rebound.
16:29 of 2nd period - Frederick Gaudreau wins face-off versus Nathan MacKinnon in Blackhawks zone.
16:42 of 2nd period - Wrist shot by Nikita Kucherov.
16:42 of 2nd period - Stopped by Thatcher Demko without a rebound.
16:43 of 2nd period - J.T. Miller wins face-off versus Nathan MacKinnon in Blue Jackets zone.
16:50 of 2nd period - Nathan MacKinnon is hit by Simon Benoit.
17:21 of 2nd period - Snap shot by Frederick Gaudreau.
17:21 of 2nd period - Stopped by Jacob Markstrom with a rebound.
17:41 of 2nd period - Wrist shot by Seth Jarvis.
17:41 of 2nd period - Shot Hit the Post.
17:43 of 2nd period - Slapshot by Philipp Kurashev.
17:43 of 2nd period - Shot Blocked by Tanner Jeannot.
17:45 of 2nd period - Snap shot by Erik Gudbranson.
17:45 of 2nd period - Shot Misses the Net.
17:47 of 2nd period - Snap shot by Jason Dickinson.
17:47 of 2nd period - Stopped by Jacob Markstrom with a rebound.
17:59 of 2nd period - Backhand shot by Ty Dellandrea.
17:59 of 2nd period - Stopped by Jacob Markstrom with a rebound.
18:01 of 2nd period - Wrist shot by Kailer Yamamoto.
18:01 of 2nd period - Stopped by Jacob Markstrom without a rebound.
18:02 of 2nd period - Alexander Kerfoot wins face-off versus Cole Sillinger in Blackhawks zone.
18:09 of 2nd period - Snap shot by J.T. Miller.
18:09 of 2nd period - Stopped by Jacob Markstrom without a rebound.
18:10 of 2nd period - J.T. Miller wins face-off versus Nathan MacKinnon in Blackhawks zone.
18:13 of 2nd period - Snap shot by Jonathan Marchessault.
18:13 of 2nd period - Stopped by Jacob Markstrom without a rebound.
18:14 of 2nd period - Nathan MacKinnon wins face-off versus J.T. Miller in Blackhawks zone.
18:19 of 2nd period - Slapshot by John Marino.
18:19 of 2nd period - Stopped by Thatcher Demko with a rebound.
18:41 of 2nd period - Matthew Boldy is hit by Jack Eichel and loses puck.
18:52 of 2nd period - Wrist shot by Matthew Boldy.
18:52 of 2nd period - Shot Blocked by Brett Pesce.
19:02 of 2nd period - Jason Dickinson is hit by John Marino and loses puck.
19:23 of 2nd period - Erik Cernak is hit by Mattias Ekholm and loses puck.
19:44 of 2nd period - Snap shot by Jamie Oleksiak.
19:44 of 2nd period - Shot Misses the Net.
19:47 of 2nd period - Icing by Nikita Kucherov.
19:48 of 2nd period - Ty Dellandrea wins face-off versus Nathan MacKinnon in Blackhawks zone.
Goals for this period are 1 for Blue Jackets vs 2 for Blackhawks.
Shots for this period are 13 for Blue Jackets vs 11 for Blackhawks.

3rd period


0:01 of 3rd period - Nathan MacKinnon wins face-off versus Frederick Gaudreau in neutral zone.
0:48 of 3rd period - Snap shot by Valeri Nichushkin.
0:48 of 3rd period - Shot Blocked by Aaron Ekblad.
0:50 of 3rd period - Slapshot by John Marino.
0:50 of 3rd period - Shot Misses the Net.
0:52 of 3rd period - Slapshot by Tanner Jeannot.
0:52 of 3rd period - Stopped by Thatcher Demko without a rebound.
0:53 of 3rd period - Nicolas Deslauriers wins face-off versus Frederick Gaudreau in Blue Jackets zone.
0:54 of 3rd period - Snap shot by Nicolas Roy.
0:54 of 3rd period - Shot Blocked by Matthew Boldy.
0:56 of 3rd period - Wrist shot by Nicolas Roy.
0:56 of 3rd period - Goal by Nicolas Roy - Blue Jackets : 1 - Blackhawks : 4.
0:57 of 3rd period - Frederick Gaudreau wins face-off versus Nathan MacKinnon in neutral zone.
1:02 of 3rd period - Slapshot by Matthew Boldy.
1:02 of 3rd period - Deflect By Frederick Gaudreau.
1:02 of 3rd period - Stopped by Jacob Markstrom with a rebound.
1:04 of 3rd period - Slapshot by Mattias Ekholm.
1:04 of 3rd period - Stopped by Jacob Markstrom without a rebound.
1:05 of 3rd period - Frederick Gaudreau wins face-off versus Alex Tuch in Blackhawks zone.
1:14 of 3rd period - Snap shot by Matthew Boldy.
1:14 of 3rd period - Stopped by Jacob Markstrom with a rebound.
1:16 of 3rd period - Snap shot by Frederick Gaudreau.
1:16 of 3rd period - Shot Misses the Net.
1:18 of 3rd period - Snap shot by Mattias Ekholm.
1:18 of 3rd period - Shot Misses the Net.
1:20 of 3rd period - Snap shot by Matthew Boldy.
1:20 of 3rd period - Stopped by Jacob Markstrom with a rebound.
1:22 of 3rd period - Slapshot by Jamie Oleksiak.
1:22 of 3rd period - Shot Blocked by Brett Pesce.
1:24 of 3rd period - Slapshot by Mattias Ekholm.
1:24 of 3rd period - Deflect By Brett Pesce.
1:24 of 3rd period - Stopped by Jacob Markstrom with a rebound.
1:26 of 3rd period - Snap shot by Frederick Gaudreau.
1:26 of 3rd period - Shot Misses the Net.
1:28 of 3rd period - Snap shot by Frederick Gaudreau.
1:28 of 3rd period - Shot Misses the Net.
1:30 of 3rd period - Snap shot by Frederick Gaudreau.
1:30 of 3rd period - Shot Misses the Net.
1:32 of 3rd period - Snap shot by Mattias Ekholm.
1:32 of 3rd period - Stopped by Jacob Markstrom with a rebound.
1:34 of 3rd period - Slapshot by Mattias Ekholm.
1:34 of 3rd period - Stopped by Jacob Markstrom without a rebound.
1:35 of 3rd period - J.T. Miller wins face-off versus Valeri Nichushkin in Blackhawks zone.
1:46 of 3rd period - Snap shot by J.T. Miller.
1:46 of 3rd period - Stopped by Jacob Markstrom without a rebound.
1:47 of 3rd period - J.T. Miller wins face-off versus Jack Eichel in Blackhawks zone.
1:50 of 3rd period - Snap shot by Jonathan Marchessault.
1:50 of 3rd period - Stopped by Jacob Markstrom with a rebound.
1:52 of 3rd period - Snap shot by Alexander Kerfoot.
1:52 of 3rd period - Stopped by Jacob Markstrom without a rebound.
1:53 of 3rd period - Jack Eichel wins face-off versus J.T. Miller in Blackhawks zone.
2:26 of 3rd period - Slapshot by Philipp Kurashev.
2:26 of 3rd period - Deflect By Seth Jarvis.
2:26 of 3rd period - Stopped by Jacob Markstrom with a rebound.
2:28 of 3rd period - Snap shot by Mattias Ekholm.
2:28 of 3rd period - Deflect By Jack Eichel.
2:28 of 3rd period - Stopped by Jacob Markstrom without a rebound.
2:29 of 3rd period - Nathan MacKinnon wins face-off versus Frederick Gaudreau in Blackhawks zone.
3:38 of 3rd period - Icing by Miles Wood.
3:39 of 3rd period - Ty Dellandrea wins face-off versus Cole Sillinger in Blackhawks zone.
3:42 of 3rd period - Backhand shot by Sam Lafferty.
3:42 of 3rd period - Stopped by Jacob Markstrom with a rebound.
3:44 of 3rd period - Slapshot by Jamie Oleksiak.
3:44 of 3rd period - Shot Misses the Net.
3:46 of 3rd period - Slapshot by Jamie Oleksiak.
3:46 of 3rd period - Stopped by Jacob Markstrom with a rebound.
3:48 of 3rd period - Backhand shot by Mattias Ekholm.
3:48 of 3rd period - Shot Misses the Net.
4:16 of 3rd period - Wrist shot by Nikita Kucherov.
4:16 of 3rd period - Stopped by Thatcher Demko with a rebound.
4:37 of 3rd period - Backhand shot by Jack Eichel.
4:37 of 3rd period - Shot Misses the Net.
4:39 of 3rd period - Slapshot by Jack Eichel.
4:39 of 3rd period - Shot Blocked by David Savard.
4:45 of 3rd period - Minor Penalty to Aaron Ekblad for Tripping.
4:46 of 3rd period - Nathan MacKinnon wins face-off versus Frederick Gaudreau in Blue Jackets zone.
5:21 of 3rd period - Erik Gudbranson is hit by Brett Pesce and loses puck.
5:28 of 3rd period - Erik Gudbranson is hit by Jack Eichel and loses puck.
6:33 of 3rd period - David Savard is hit by Alex Tuch and loses puck.
6:45 of 3rd period - Penalty to Aaron Ekblad is over, Aaron Ekblad is back on ice.
6:56 of 3rd period - Wrist shot by Ty Dellandrea.
6:56 of 3rd period - Shot Blocked by Alexandre Carrier.
6:58 of 3rd period - Slapshot by Ty Dellandrea.
6:58 of 3rd period - Stopped by Jacob Markstrom without a rebound.
6:59 of 3rd period - J.T. Miller wins face-off versus Nicolas Roy in Blackhawks zone.
7:08 of 3rd period - Snap shot by Jonathan Marchessault.
7:08 of 3rd period - Shot Blocked by Erik Cernak.
7:10 of 3rd period - Snap shot by Jonathan Marchessault.
7:10 of 3rd period - Stopped by Jacob Markstrom without a rebound.
7:11 of 3rd period - Frederick Gaudreau wins face-off versus Nikita Kucherov in Blackhawks zone.
7:24 of 3rd period - Wrist shot by Trevor Moore.
7:24 of 3rd period - Goal by Trevor Moore - Blue Jackets : 2 - Blackhawks : 4.
7:25 of 3rd period - Nathan MacKinnon wins face-off versus J.T. Miller in neutral zone.
7:36 of 3rd period - Nathan MacKinnon is hit by Alexander Kerfoot and loses puck.
8:00 of 3rd period - Off-side.
8:01 of 3rd period - Frederick Gaudreau wins face-off versus Jack Eichel in neutral zone.
9:05 of 3rd period - Minor Penalty to J.T. Miller for Interference.
9:06 of 3rd period - Frederick Gaudreau wins face-off versus Nathan MacKinnon in Blue Jackets zone.
9:58 of 3rd period - Frederick Gaudreau is hit by Erik Cernak and loses puck.
11:05 of 3rd period - Penalty to J.T. Miller is over, J.T. Miller is back on ice.
11:12 of 3rd period - Wrist shot by J.T. Miller.
11:12 of 3rd period - Stopped by Jacob Markstrom with a rebound.
11:42 of 3rd period - Snap shot by Kailer Yamamoto.
11:42 of 3rd period - Shot Misses the Net.
11:50 of 3rd period - Minor Penalty to Carson Soucy for Holding.
11:51 of 3rd period - Nathan MacKinnon wins face-off versus J.T. Miller in Blackhawks zone.
13:32 of 3rd period - Icing by Jamie Oleksiak.
13:33 of 3rd period - Frederick Gaudreau wins face-off versus Ivan Barbashev in Blue Jackets zone.
13:50 of 3rd period - Penalty to Carson Soucy is over, Carson Soucy is back on ice.
14:04 of 3rd period - Slapshot by Nicolas Roy.
14:04 of 3rd period - Shot Misses the Net.
14:18 of 3rd period - Jason Dickinson is hit by Miles Wood and loses puck.
14:23 of 3rd period - Snap shot by Cole Sillinger.
14:23 of 3rd period - Stopped by Thatcher Demko with a rebound.
14:25 of 3rd period - Wrist shot by Miles Wood.
14:25 of 3rd period - Stopped by Thatcher Demko with a rebound.
14:27 of 3rd period - Snap shot by Klim Kostin.
14:27 of 3rd period - Stopped by Thatcher Demko without a rebound.
14:28 of 3rd period - J.T. Miller wins face-off versus Nathan MacKinnon in Blue Jackets zone.
14:28 of 3rd period - J.T. Miller is hit by Erik Cernak.
14:34 of 3rd period - Slapshot by J.T. Miller.
14:34 of 3rd period - Shot Blocked by Erik Cernak.
14:36 of 3rd period - Wrist shot by Simon Benoit.
14:36 of 3rd period - Shot Hit the Post.
14:54 of 3rd period - Carson Soucy is hit by Erik Gudbranson and loses puck.
15:03 of 3rd period - Slapshot by Trevor Moore.
15:03 of 3rd period - Stopped by Jacob Markstrom without a rebound.
15:04 of 3rd period - Nicolas Roy wins face-off versus Philipp Kurashev in Blackhawks zone.
15:27 of 3rd period - Minor Penalty to Jason Dickinson for Roughing.
15:28 of 3rd period - Nikita Kucherov wins face-off versus Frederick Gaudreau in Blue Jackets zone.
16:03 of 3rd period - Slapshot by Valeri Nichushkin.
16:03 of 3rd period - Stopped by Thatcher Demko without a rebound.
16:04 of 3rd period - Frederick Gaudreau wins face-off versus Nathan MacKinnon in Blue Jackets zone.
16:51 of 3rd period - John Marino is hit by Aaron Ekblad and loses puck.
17:20 of 3rd period - Icing by John Marino.
17:21 of 3rd period - Sam Lafferty wins face-off versus Nathan MacKinnon in Blackhawks zone.
17:22 of 3rd period - Wrist shot by Jonathan Marchessault.
17:22 of 3rd period - Stopped by Jacob Markstrom without a rebound.
17:23 of 3rd period - Sam Lafferty wins face-off versus Nathan MacKinnon in Blackhawks zone.
17:27 of 3rd period - Penalty to Jason Dickinson is over, Jason Dickinson is back on ice.
17:28 of 3rd period - Snap shot by Jonathan Marchessault.
17:28 of 3rd period - Goal by Jonathan Marchessault - Blue Jackets : 3 - Blackhawks : 4.
17:29 of 3rd period - Nicolas Roy wins face-off versus Jason Dickinson in neutral zone.
17:55 of 3rd period - Nikita Kucherov is hit by J.T. Miller.
19:03 of 3rd period - Blue Jackets, Thatcher Demko is pulled from the net.
19:09 of 3rd period - Jack Eichel is hit by Simon Benoit and loses puck.
19:26 of 3rd period - Wrist shot by Seth Jarvis.
19:26 of 3rd period - Shot Blocked by Alexandre Carrier.
19:38 of 3rd period - Jamie Oleksiak is hit by Jack Eichel and loses puck.
19:53 of 3rd period - Wrist shot by Ivan Barbashev.
19:53 of 3rd period - Goal by Ivan Barbashev - Blue Jackets : 3 - Blackhawks : 5.
19:53 of 3rd period - Thatcher Demko from Blue Jackets was sent back in the game.
19:54 of 3rd period - Frederick Gaudreau wins face-off versus Nicolas Roy in neutral zone.
Goals for this period are 2 for Blue Jackets vs 2 for Blackhawks.
Shots for this period are 21 for Blue Jackets vs 8 for Blackhawks.